 Dungeon Crawl Stone Soup version 0.30.1-3-gfc49f6343a (webtiles) character file.

Game seed: 11190252705564221905

40364 FishyPogo the Thaumaturge (level 14, -19/108 HPs)
             Began as a Gnoll Hedge Wizard on July 31, 2023.
             Was a High Priest of Sif Muna.
             Demolished by an ettin
             ... wielding a +0 dire flail
              (30 damage)
             ... on level 1 of the Orcish Mines.
             The game lasted 02:20:13 (20661 turns).

FishyPogo the Thaumaturge (Gnoll Hedge Wizard)     Turns: 20661, Time: 02:20:37

Health: -19/108    AC: 16    Str: 11    XL:     14   Next: 10%
Magic:  14/29      EV: 15    Int: 27    God:    Sif Muna [*****.]
Gold:   1176       SH:  5    Dex: 15    Spells: 3/36 levels left

rFire   . . .        a - +10 short sword "Ogreslayer" {venom, rPois Int+4}
rCold   . . .        (no shield)
rNeg    + . .        P - +2 ring mail "Xuih" {Contam rN+ Will++ Dex+3}
rPois   +            g - +1 helmet {SInv}
rElec   .            y - +2 cloak
rCorr   .            (no gloves)
SInv    +            c - +0 pair of boots
Will    ++++.        q - amulet of reflection
Stlth   ++++         b - +6 ring of intelligence
HPRegen 0.38/turn    E - ring of willpower
MPRegen 0.21/turn

%: reflection
@: no status effects
A: fangs 1, strong nose, distributed training
a: Renounce Religion, Channel Magic, Forget Spell, Divine Exegesis


You were on level 1 of the Orcish Mines.
You worshipped Sif Muna.
Sif Muna was extremely pleased with you.
You visited 4 branches of the dungeon, and saw 19 of its levels.
You also visited: Bailey.

You collected 1504 gold pieces.
You spent 328 gold pieces at shops.

Inventory:

Hand Weapons
 a - the +10 short sword "Ogreslayer" (weapon) {venom, rPois Int+4}
   (You took it off an orc in a bailey)

   Int:       It affects your intelligence (+4).
   rPois:     It protects you from poison.
 J - the +3 executioner's axe of Ifadd {holy, rN++ Int-2}
   (You took it off an orc warrior in a bailey)

   Int:       It affects your intelligence (-2).
   rN:        It greatly protects you from negative energy.
 M - a +3 spear of freezing
Missiles
 f - 16 boomerangs
 h - 33 poisoned darts (quivered)
 z - 3 silver javelins
 F - 144 stones
 I - 10 javelins
 R - 2 boomerangs of dispersal
 S - 2 silver boomerangs
Armour
 c - a +0 pair of boots (worn)
 g - a +1 helmet of see invisible (worn)
 y - a +2 cloak (worn)
 H - the +5 ring mail of the Dolphin {Int+2}
   (You bought it in a shop on level 6 of the Dungeon)

   Int:       It affects your intelligence (+2).
 P - the +2 ring mail "Xuih" (worn) {Contam rN+ Will++ Dex+3}
   (You found it on level 3 of the Lair of Beasts)

   Dex:       It affects your dexterity (+3).
   rN:        It protects you from negative energy.
   Contam:    It causes magical contamination when unequipped.
   Will:      It greatly increases your willpower.
 V - a +1 leather armour of fire resistance
Magical Staves
 U - a staff of poison
Jewellery
 b - a +6 ring of intelligence (left hand)
 q - an amulet of reflection (around neck)
 u - a ring of wizardry
 D - a ring of protection from cold
 E - a ring of willpower (right hand)
Wands
 x - a wand of roots (14)
 B - a wand of paralysis (25)
 L - a wand of flame (37)
 Q - a wand of digging (2)
Scrolls
 l - a scroll of brand weapon
 m - 2 scrolls of fear
 r - a scroll of acquirement {unknown}
 s - a scroll of poison {unknown}
 A - a scroll of immolation
 C - 5 scrolls of magic mapping
 G - 12 scrolls of teleportation
 K - 4 scrolls of enchant weapon
Potions
 d - 3 potions of magic
 e - a potion of invisibility {unknown}
 i - 7 potions of flight
 j - 4 potions of might
 k - 3 potions of heal wounds
 n - 3 potions of attraction {unknown}
 o - 7 potions of curing
 p - 2 potions of berserk rage {unknown}
 t - 8 potions of degeneration
 v - 5 potions of lignification {unknown}
 w - 2 potions of brilliance {unknown}
 N - a potion of cancellation {unknown}
 O - 3 potions of haste {unknown}
 X - 2 potions of mutation
Miscellaneous
 T - a piece from Xom's chessboard (15/15)
 W - a phial of floods


   Skills:
 + Level 9.2 Fighting
 + Level 9.2 Short Blades
 + Level 9.2 Long Blades
 + Level 9.2 Axes
 + Level 9.2 Maces & Flails
 + Level 9.2 Polearms
 + Level 9.2 Staves
 + Level 9.2 Ranged Weapons
 + Level 9.2 Throwing
 + Level 9.2 Armour
 + Level 10.3 Dodging
 + Level 10.2 Stealth
 + Level 9.2 Shields
 + Level 9.2 Unarmed Combat
 + Level 11.6 Spellcasting
 + Level 8.0 Conjurations
 + Level 7.7 Hexes
 + Level 8.0 Summonings
 + Level 7.7 Necromancy
 + Level 8.0 Translocations
 + Level 7.7 Transmutations
 + Level 7.7 Fire Magic
 + Level 7.7 Ice Magic
 + Level 7.7 Air Magic
 + Level 7.7 Earth Magic
 + Level 7.7 Poison Magic
 + Level 10.1 Invocations
 + Level 9.2 Evocations


You had 3 spell levels left.
You knew the following spells:

 Your Spells              Type           Power      Damage    Failure   Level
a - Magic Dart            Conj           100%       1d8       1%          1
b - Scorch                Fire           100%       2d9       1%          2
c - Mephitic Cloud        Conj/Pois/Air  55%        N/A       1%          3
d - Flame Wave            Conj/Fire      55%        2d13      3%          4
e - Blink                 Tloc           100%       N/A       1%          2
f - Summon Guardian Gole  Hex/Summ       55%        N/A       1%          3
g - Summon Mana Viper     Hex/Summ       55%        N/A       9%          5
h - Petrify               Tmut/Erth      55%        N/A       3%          4
i - Call Imp              Summ           100%       N/A       1%          2
k - Call Canine Familiar  Summ           56%        N/A       1%          3
l - Summon Lightning Spi  Summ/Air       55%        N/A       3%          4

Your spell library contained the following spells:

 Spells                   Type           Power      Damage    Failure   Level
 Slow                     Hex            100%       N/A       1%          1
 Summon Small Mammal      Summ           100%       N/A       1%          1
 Cigotuvi's Dreadful Rot  Necr/Pois/Air  100%       N/A       1%          2
 Sublimation of Blood     Necr           55%        N/A       1%          2
 Inner Flame              Hex/Fire       55%        N/A       1%          3
 Portal Projectile        Hex/Tloc       100%       N/A       1%          3
 Leda's Liquefaction      Hex/Erth       27%        N/A       3%          4
 Summon Forest            Summ/Tloc      28%        N/A       8%          5
 Alistair's Intoxication  Tmut/Pois      36%        N/A       9%          5
 Borgnjor's Vile Clutch   Necr/Erth      27%        N/A       9%          5
 Fireball                 Conj/Fire      27%        3d12      9%          5
 Irradiate                Conj/Tmut      27%        3d20      9%          5
 Summon Cactus Giant      Summ           28%        N/A       38%         6
 Starburst                Conj/Fire      27%        6d9       41%         6
 Eringya's Noxious Bog    Tmut/Pois      27%        N/A       43%         6
 Monstrous Menagerie      Summ           28%        N/A       93%         7
 Summon Hydra             Summ           28%        N/A       93%         7
 Haunt                    Necr/Summ      27%        N/A       94%         7
 Disjunction              Tloc           28%        N/A       100%        8
 Dragon's Call            Summ           28%        N/A       100%        9


Dungeon Overview and Level Annotations

Branches:
Dungeon (12/15)            Temple (1/1) D:4            Lair (4/5) D:8
  Swamp (0/4) Lair:3       Spider (0/4) Lair:3          Orc (2/2) D:11
 Bailey (visited)
  Slime: Lair:4-5       Elf: Orc:2

Altars:
Ashenzari
Cheibriados
Dithmenos
Elyvilon
Fedhas
Gozag
Hepliaklqana
Kikubaaqudgha
Makhleb
Nemelex Xobeh
Okawaru
Qazlal
Ru
Sif Muna
Trog
Uskayaw
Vehumet
Wu Jian
Xom
Yredelemnul
Zin
The Shining One

Shops:
D:5 *   D:6 [   Orc:1 [:*   Orc:2 [*=

Annotations:
D:10 2 transporters, Peloso's ghost, journeyman MiFi
D:12 Rupert


Innate Abilities, Weirdness & Mutations

You have very sharp teeth.
Your uncanny sense of smell can sniff out nearby items.
Your experience applies equally to all skills.


Message History

The ettin hits you with a +0 dire flail!!
There is a stone staircase leading up, spattered with blood here.
Your wolf bites the ettin but does no damage.
The warg closely misses you.
Your wolf bites the ettin but does no damage.
The ettin hits you with a +0 dire flail.
You block the ettin's attack.
You climb upwards.
There is a stone staircase leading down here.
Okay, then.
The warg closely misses you. The ettin completely misses you.
The ettin closely misses you. The warg bites you.
Casting: Magic Dart (safe; 1% risk of failure)
Confirm with . or Enter, or press ? or * to list all spells.
Aiming: Mephitic Cloud (safe; 1% risk of failure)
Press: ? - help, Shift-Dir - straight line, f - ettin
Aim: an ettin, wielding two +0 dire flails (lightly wounded, chance to affect: 43%)
The ball explodes into a vile cloud!
The stinking cloud engulfs the ettin but does no damage.
The ettin is lightly wounded.
The stinking cloud engulfs you but does no damage.
You block the warg's attack.
The ettin is engulfed in noxious fumes.
The ettin hits you with a +0 dire flail!
The ettin barely misses you. The ettin attacks as you move away!
The ettin hits you with a +0 dire flail!
* * * LOW HITPOINT WARNING * * *
You block the ettin's attack. The warg bites you but does no damage.
The ettin is engulfed in noxious fumes.
Casting: Mephitic Cloud (safe; 1% risk of failure)
Confirm with . or Enter, or press ? or * to list all spells.
An electric hum fills the air.
The warg misses you.
You block the ettin's attack. x2; The warg bites you but does no damage.
Casting: Summon Lightning Spire (dangerous; 3% risk of failure)
Confirm with . or Enter, or press ? or * to list all spells.
You feel less invigorated.
The ettin hits you with a +0 dire flail!
* * * LOW HITPOINT WARNING * * *
The ettin hits you with a +0 dire flail!!
You die...

#...........................#.###
##...........................###
#..............................##
##.#......#...............##....#
####.....##...............#...##
##..#.......................##
#......................#....#
##.............h...........##
##........☼○C@..##........#
##.........°☼h...#..#....##
#...#..#..☼8☼.....)....#..##
##.#.##....................#
##.................[.....##
##.##..###.#..####.#.#.## #######
###### #######


You could see an ettin, a warg (ally target), a friendly warg (summoned) and a
friendly lightning spire (summoned).

Vanquished Creatures
  A two-headed ogre (D:9)
  A skyshark (Lair:3)
  3 bog bodies (Lair:3)
  A necromancer (Orc:1)
  Pikel (D:4)
  2 cyclopes
  2 black mambas (Lair:3)
  5 elephants (Lair:2)
  A kobold demonologist (D:12)
  2 gargoyles
  2 rime drakes
  3 cane toads
  A komodo dragon (D:11)
  4 trolls
  2 hornets (D:8)
  A polar bear (Lair:3)
  14 blink frogs
  3 dream sheep (Lair:3)
  A slime creature (D:8)
  2 wyverns
  17 yaks
  A basilisk (Lair:1)
  A wraith (D:10)
  A steam dragon (D:9)
  5 vampire mosquitoes
  An acid dragon (D:10)
  16 orc warriors
  2 swamp worms (Lair:3)
  8 water moccasins
  A swamp drake (D:11)
  2 ice beasts
  A black bear (D:6)
  5 ogres
  12 centaurs
  11 bullfrogs
  2 kobold brigands
  5 scorpions
  A cyclops zombie (Orc:1)
  A warg zombie (Orc:1)
  6 wights
  A cyclops skeleton (Orc:1)
  A warg skeleton (Orc:1)
  9 killer bees
  4 electric eels
  2 howler monkeys
  A hound (D:5)
  9 orc priests
  2 jellies
  A gnoll bouda (D:7)
  Natasha (twice) (D:3)
  An iguana (D:6)
  14 orc wizards
  An ogre zombie (Orc:1)
  2 ogre skeletons (Orc:1)
  Robin (D:4)
  3 adders
  7 gnolls (D:7)
  An ogre simulacrum (Orc:1)
  2 orc zombies (Orc:1)
  3 white imps
  An ufetubus (D:5)
  A worm (D:4)
  2 dart slugs
  62 orcs
  3 endoplasms
  6 giant cockroaches
  20 goblins
  2 hobgoblins
  16 kobolds
  5 quokkas
  5 ball pythons
  2 bats (D:1)
  A gnoll zombie (Orc:1)
  5 rats
349 creatures vanquished.

Vanquished Creatures (collateral kills)
  Nessos (Lair:3)
  Snorg (Orc:2)
  2 ettins (Orc:2)
  A hydra (Lair:3)
  A boulder beetle (Lair:2)
  A deep elf pyromancer (D:8)
  2 necromancers (Orc:1)
  An orc knight (Orc:1)
  5 cyclopes (Orc:2)
  4 elephants (Lair:2)
  A black mamba (Lair:3)
  A rime drake (Lair:2)
  A komodo dragon (Lair:2)
  A troll (Orc:2)
  A blink frog (Lair:3)
  A slime creature (D:12)
  A wraith (D:12)
  6 yaks
  A steam dragon (D:9)
  5 water moccasins
  A black bear (D:7)
  9 orc warriors
  An ice beast (D:5)
  An orc skeleton (Orc:1)
  2 centaurs
  A phantom (D:4)
  2 bullfrogs
  2 scorpions (Lair:3)
  4 wights (D:7)
  A killer bee (D:9)
  2 jellies (D:6)
  3 orc priests (Orc:1)
  Crazy Yiuf (D:2)
  A gnoll bouda (D:7)
  Ijyb (D:4)
  Natasha (D:3)
  An iguana (D:5)
  8 orc wizards
  A troll simulacrum (Orc:1)
  3 adders
  An orc zombie (Orc:1)
  4 worms
  34 orcs
  An endoplasm (D:1)
  A giant cockroach (Lair:3)
  A goblin (D:7)
  2 kobolds
  A ball python (D:4)
129 creatures vanquished.

Vanquished Creatures (others)
  A komodo dragon (Lair:1)
  4 yaks
5 creatures vanquished.

Grand Total: 483 creatures vanquished

Notes
Turn   | Place    | Note
-------+----------+-------------------------------------------
     0 | D:1      | FishyPogo the Gnoll Hedge Wizard began the quest for the
                  | Orb.
     0 | D:1      | Reached XP level 1. HP: 13/13 MP: 8/8
   202 | D:1      | Reached XP level 2. HP: 19/19 MP: 1/10
   209 | D:1      | Learned a level 2 spell: Call Imp
   945 | D:2      | Found a sacrificial altar of Ru.
  1096 | D:2      | Reached XP level 3. HP: 17/25 MP: 7/11
  1100 | D:2      | Learned a level 3 spell: Call Canine Familiar
  1104 | D:2      | Learned a level 3 spell: Mephitic Cloud
  1201 | D:2      | Reached skill level 1 in Invocations
  1278 | D:2      | You fall into a shaft and drop 1 floor!
  1308 | D:3      | Noticed Natasha
  1318 | D:3      | Killed Natasha
  1319 | D:3      | Reached skill level 1 in Fighting
  1319 | D:3      | Reached skill level 1 in Short Blades
  1319 | D:3      | Reached skill level 1 in Long Blades
  1319 | D:3      | Reached skill level 1 in Axes
  1319 | D:3      | Reached skill level 1 in Maces & Flails
  1319 | D:3      | Reached skill level 1 in Polearms
  1319 | D:3      | Reached skill level 1 in Staves
  1319 | D:3      | Reached skill level 1 in Ranged Weapons
  1319 | D:3      | Reached skill level 1 in Throwing
  1319 | D:3      | Reached skill level 1 in Armour
  1319 | D:3      | Reached skill level 1 in Shields
  1319 | D:3      | Reached skill level 1 in Unarmed Combat
  1319 | D:3      | Reached skill level 1 in Evocations
  1319 | D:3      | Reached XP level 4. HP: 32/32 MP: 5/13
  1519 | D:4      | Noticed a water moccasin
  1677 | D:3      | Found an ornate altar of the Wu Jian Council.
  1833 | D:3      | Reached skill level 1 in Hexes
  1833 | D:3      | Reached skill level 1 in Necromancy
  1833 | D:3      | Reached skill level 1 in Transmutations
  1833 | D:3      | Reached skill level 1 in Fire Magic
  1833 | D:3      | Reached skill level 1 in Ice Magic
  1833 | D:3      | Reached skill level 1 in Air Magic
  1833 | D:3      | Reached skill level 1 in Earth Magic
  1833 | D:3      | Reached skill level 1 in Poison Magic
  2045 | D:3      | Noticed Natasha
  2047 | D:3      | Noticed a nameless horror
  2358 | D:4      | Killed a water moccasin
  2359 | D:4      | Reached XP level 5. HP: 18/38 MP: 1/14
  2470 | D:4      | Noticed a lemure
  2552 | D:2      | Found a faded altar of an unknown god.
  3021 | D:2      | Found a runed translucent door.
  3024 | D:2      | Noticed Crazy Yiuf
  3040 | D:2      | Killed Crazy Yiuf
  3041 | D:2      | Reached XP level 6. HP: 32/44 MP: 1/16
  3715 | D:3      | Killed Natasha
  3716 | D:3      | Reached skill level 5 in Dodging
  3904 | D:3      | Noticed Natasha
  3916 | D:3      | Killed Natasha
  4356 | D:4      | Found a staircase to the Ecumenical Temple.
  4365 | D:4      | Noticed Robin
  4368 | Temple   | Entered the Ecumenical Temple
  4746 | Temple   | Became a worshipper of Sif Muna the Loreminder
  4779 | D:4      | Noticed Ijyb
  4803 | D:4      | Killed Robin
  4817 | D:4      | Killed Ijyb
  4818 | D:4      | Reached XP level 7. HP: 38/50 MP: 2/18
  5149 | D:4      | Noticed Pikel
  5171 | D:4      | Killed Pikel
  5172 | D:4      | Reached skill level 5 in Stealth
  5172 | D:4      | Reached XP level 8. HP: 23/58 MP: 4/19
  5504 | D:5      | Entered Level 5 of the Dungeon
  5772 | D:5      | Reached * piety under Sif Muna
  5915 | D:5      | Learned a level 4 spell: Flame Wave
  6157 | D:5      | Found Hosoac's General Store.
  6214 | D:5      | Reached skill level 8 in Spellcasting
  6649 | D:5      | Learned a level 2 spell: Scorch
  6916 | D:6      | Reached XP level 9. HP: 40/65 MP: 9/21
  6921 | D:6      | Learned a level 4 spell: Petrify
  7401 | D:6      | Found Wuodaa's Antique Armour Emporium.
  7669 | D:6      | Bought a crude ring mail for 216 gold pieces
  7669 | D:6      | Identified the +5 ring mail of the Dolphin {Int+2} (You
                  | bought it in a shop on level 6 of the Dungeon)
  7721 | D:7      | Found a flagged portal.
  7838 | Bailey   | Entered a bailey
  7847 | Bailey   | Learned a level 2 spell: Blink
  7964 | Bailey   | Reached ** piety under Sif Muna
  8225 | Bailey   | Reached skill level 5 in Invocations
  8407 | Bailey   | Identified the +10 short sword "Ogreslayer" {venom, rPois
                  | Int+4}
  8421 | Bailey   | Identified the +3 executioner's axe of Ifadd {holy, rN++
                  | Int-2}
  8704 | Bailey   | Reached skill level 5 in Fighting
  8704 | Bailey   | Reached skill level 5 in Short Blades
  8704 | Bailey   | Reached skill level 5 in Long Blades
  8704 | Bailey   | Reached skill level 5 in Axes
  8704 | Bailey   | Reached skill level 5 in Maces & Flails
  8704 | Bailey   | Reached skill level 5 in Polearms
  8704 | Bailey   | Reached skill level 5 in Staves
  8704 | Bailey   | Reached skill level 5 in Ranged Weapons
  8704 | Bailey   | Reached skill level 5 in Throwing
  8704 | Bailey   | Reached skill level 5 in Armour
  8704 | Bailey   | Reached skill level 5 in Shields
  8704 | Bailey   | Reached skill level 5 in Unarmed Combat
  8704 | Bailey   | Reached skill level 5 in Evocations
  8704 | Bailey   | Reached XP level 10. HP: 74/74 MP: 15/22
  9185 | D:7      | Learned a level 3 spell: Summon Guardian Golem
  9192 | D:7      | Reached skill level 9 in Spellcasting
  9215 | D:7      | Reached *** piety under Sif Muna
  9330 | D:7      | Reached skill level 5 in Conjurations
  9330 | D:7      | Reached skill level 5 in Summonings
  9330 | D:7      | Reached skill level 5 in Translocations
  9509 | D:7      | Found a large runed translucent door.
  9916 | D:7      | Found a large runed translucent door.
 10166 | D:7      | Reached **** piety under Sif Muna
 10168 | D:7      | Found a shimmering altar of Xom.
 10171 | D:7      | Found a white marble altar of Elyvilon.
 10300 | D:8      | Noticed a gargoyle
 10665 | D:8      | Reached skill level 5 in Hexes
 10665 | D:8      | Reached skill level 5 in Necromancy
 10665 | D:8      | Reached skill level 5 in Transmutations
 10665 | D:8      | Reached skill level 5 in Fire Magic
 10665 | D:8      | Reached skill level 5 in Ice Magic
 10665 | D:8      | Reached skill level 5 in Air Magic
 10665 | D:8      | Reached skill level 5 in Earth Magic
 10665 | D:8      | Reached skill level 5 in Poison Magic
 10668 | D:8      | Noticed a deep elf pyromancer
 10669 | D:8      | Reached XP level 11. HP: 64/81 MP: 17/24
 10680 | D:8      | Killed a deep elf pyromancer
 10816 | D:8      | Found a staircase to the Lair.
 11683 | D:9      | Noticed a two-headed ogre
 11692 | D:9      | Killed a two-headed ogre
 12416 | D:10     | Entered Level 10 of the Dungeon
 12609 | D:10     | Found a transporter.
 12612 | D:10     | Found a transporter.
 12922 | D:10     | Noticed a two-headed ogre
 12922 | D:10     | Noticed a tengu warrior
 12923 | D:10     | Found a bloodstained altar of Trog.
 12923 | D:10     | Noticed Peloso's ghost (journeyman MiFi)
 12923 | D:10     | Noticed a two-headed ogre
 12933 | D:10     | Noticed a moth of wrath
 13824 | D:11     | Noticed a cyclops
 13838 | D:11     | Reached skill level 10 in Spellcasting
 13839 | D:11     | Killed a cyclops
 13975 | D:11     | Found a staircase to the Orcish Mines.
 14140 | D:11     | Learned a level 5 spell: Summon Mana Viper
 15013 | D:12     | Noticed Rupert
 15048 | D:12     | Noticed a brown ugly thing
 15192 | Lair:1   | Entered Level 1 of the Lair of Beasts
 15448 | Lair:1   | Reached XP level 12. HP: 84/91 MP: 20/26
 15659 | Lair:1   | Reached ***** piety under Sif Muna
 16120 | Lair:2   | Noticed a boulder beetle
 16126 | Lair:2   | Killed a boulder beetle
 17554 | Lair:3   | Noticed Nessos
 17592 | Lair:3   | Reached XP level 13. HP: 93/98 MP: 21/27
 17639 | Lair:3   | Found a hole to the Spider Nest.
 17674 | Lair:3   | Killed Nessos
 17675 | Lair:3   | Reached skill level 11 in Spellcasting
 17684 | Lair:3   | Received a gift from Sif Muna
 17687 | Lair:3   | Got Bykuk's Quarto of Relocation and the Boggart {god gift}
 17925 | Lair:3   | Learned a level 4 spell: Summon Lightning Spire
 18354 | Lair:3   | Identified the +2 ring mail "Xuih" {Contam rN+ Will++
                  | Dex+3}
 18568 | Lair:3   | Found a staircase to the Swamp.
 19371 | Orc:1    | Entered Level 1 of the Orcish Mines
 19412 | Orc:1    | Reached skill level 10 in Dodging
 19629 | Orc:1    | Received a gift from Sif Muna
 19633 | Orc:1    | Got Sif Muna's Directory of Assembled Pyromancy {god gift}
 19998 | Orc:1    | Found Vookkong's Book Boutique.
 20013 | Orc:1    | Found Huihum's General Store.
 20111 | Orc:1    | Reached skill level 10 in Stealth
 20190 | Orc:1    | Bought a potion of mutation for 112 gold pieces
 20283 | Orc:1    | Found Qossauts's Armour Shoppe.
 20370 | Orc:2    | Entered Level 2 of the Orcish Mines
 20371 | Orc:2    | Found Dois's General Store.
 20372 | Orc:2    | Noticed an ettin
 20380 | Orc:2    | Noticed an ettin
 20385 | Orc:2    | Killed an ettin
 20395 | Orc:2    | Killed an ettin
 20477 | Orc:2    | Found Anas's Antique Armour Shoppe.
 20483 | Orc:2    | Noticed a stone giant
 20487 | Orc:2    | Reached skill level 10 in Invocations
 20487 | Orc:2    | Reached XP level 14. HP: 108/108 MP: 10/29
 20576 | Orc:2    | Found Wuzaet's Jewellery Shop.
 20639 | Orc:2    | Noticed Snorg
 20651 | Orc:2    | Killed Snorg
 20661 | Orc:1    | Demolished by an ettin

Illustrated notes

Levels and vault maps discovered:
D:1:      elethiomel_arrival_shortcut, layout_basic, minmay_shallow_snake_nest
D:2:      layout_loops_ring, basic_altar, ebering_ecumenical_altar_webs,
          kennysheep_cross_room, nicolae_hexahallways, uniq_crazy_yiuf_cottage
D:3:      layout_basic, pdpol_wu_jian_five_deadly_venoms, roderic_lattice_a,
          uniq_natasha
D:4:      layout_rooms, minmay_temple_entry_gardened_gates, uniq_robin,
          uniq_pikel, uniq_ijyb
D:5:      layout_loops_cross, serial_shops, nicolae_shop_tiny_real_fake_doors
D:6:      layout_rooms, serial_shops, nicolae_shop_tiny_real_fake_doors
D:7:      layout_basic, jmf_multi_god_temple2, lightli_bailey_entry_fortress
D:8:      layout_loops_cross, grunt_lair_entry_orc_guard_hut,
          minmay_misc_feat_cross, minmay_bent
D:9:      layout_irregular_city
D:10:     layout_roguey, serial_bayou, serial_bayou_shore_b,
          serial_bayou_pond_c, serial_bayou_shore_b, serial_bayou_pond_a,
          gammafunk_ghost_wrathful_warriors
D:11:     layout_irregular_city, erik_orc_1, serial_glass, glass_columns_b,
          glass_columns_b
D:12:     layout_loops_corners, uniq_sonja, uniq_azrael, uniq_rupert
Temple:   compressed_dpeg_triangle_lava_temple
Lair:1:   layout_loops_ring, serial_bayou_pond_d
Lair:2:   layout_cave_shapes, infiniplex_staircase_pool, serial_bayou_shore_a,
          grunt_megastairs_2
Lair:3:   layout_loops_ring, nicolae_swamp_entry_splash_gauntlet,
          nicolae_spider_entry_non_spiders, chequers_serial_rivers_large_b,
          uniq_nessos, uniq_urug
Lair:4:   layout_small_grid, slime_entry_1, bobbens_ice_dragon_lair,
          grunt_megastairs_4
Orc:1:    dreamdust_under_siege, layout_caves, serial_shops, shop_statue,
          nicolae_shop_hallway_stairs, nicolae_book_shop_shelving
Orc:2:    grunt_orc_gardens, layout_caves, grunt_orc_garden, grunt_orc_garden,
          grunt_orc_garden, grunt_orc_garden, mines1_david, uniq_snorg

Skill      XL: |  1  2  3  4  5  6  7  8  9 10 11 12 13 14 |
---------------+-------------------------------------------+-----
Conjurations   | 2 3 4 5 6 7 8 |  8.0
Summonings     | 2 3 4 5 6 7 8 |  8.0
Translocations | 2 3 4 5 6 7 8 |  8.0
Invocations    | 1 2 3 4 5 6 7 8 10 | 10.1
Fighting       | 1 2 3 5 6 7 8 9 |  9.2
Short Blades   | 1 2 3 5 6 7 8 9 |  9.2
Long Blades    | 1 2 3 5 6 7 8 9 |  9.2
Axes           | 1 2 3 5 6 7 8 9 |  9.2
Maces & Flails | 1 2 3 5 6 7 8 9 |  9.2
Polearms       | 1 2 3 5 6 7 8 9 |  9.2
Staves         | 1 2 3 5 6 7 8 9 |  9.2
Ranged Weapons | 1 2 3 5 6 7 8 9 |  9.2
Throwing       | 1 2 3 5 6 7 8 9 |  9.2
Armour         | 1 2 3 5 6 7 8 9 |  9.2
Shields        | 1 2 3 5 6 7 8 9 |  9.2
Unarmed Combat | 1 2 3 5 6 7 8 9 |  9.2
Evocations     | 1 2 3 5 6 7 8 9 |  9.2
Hexes          | 1 2 3 4 5 6 7 |  7.7
Necromancy     | 1 2 3 4 5 6 7 |  7.7
Transmutations | 1 2 3 4 5 6 7 |  7.7
Fire Magic     | 1 2 3 4 5 6 7 |  7.7
Ice Magic      | 1 2 3 4 5 6 7 |  7.7
Air Magic      | 1 2 3 4 5 6 7 |  7.7
Earth Magic    | 1 2 3 4 5 6 7 |  7.7
Poison Magic   | 1 2 3 4 5 6 7 |  7.7
Dodging        | 5 6 7 8 9 10 | 10.3
Stealth        | 5 6 7 8 9 10 | 10.2
Spellcasting   | 8 9 10 11 | 11.6

Action                     |  1- 3 |  4- 6 |  7- 9 | 10-12 | 13-15 || total
---------------------------+-------+-------+-------+-------+-------++-------
  Melee: Dagger            |    22 |    43 |    90 |       |       ||   155
         Bite              |     4 |     6 |    22 |    45 |    46 ||   123
         Quarterstaff      |       |    32 |    13 |       |       ||    45
         Whip              |       |       |    46 |       |       ||    46
         Punch             |       |       |     8 |    16 |    16 ||    40
         Flail             |       |       |     3 |       |       ||     3
         Short sword       |       |       |     3 |   364 |   229 ||   596
         Executioner's axe |       |       |       |       |    31 ||    31
  Throw: Stone             |       |       |     4 |       |       ||     4
   Cast: Magic Dart        |    49 |   107 |   146 |    97 |    66 ||   465
         Call Imp          |     5 |    12 |    22 |    22 |     3 ||    64
         Call Canine Famil |     1 |    14 |    32 |    37 |    23 ||   107
         Mephitic Cloud    |       |     7 |    17 |    57 |    27 ||   108
         Flame Wave        |       |       |     5 |    11 |     1 ||    17
         Scorch            |       |       |     2 |    26 |       ||    28
         Blink             |       |       |     1 |       |       ||     1
         Summon Guardian G |       |       |       |    10 |     1 ||    11
         Summon Mana Viper |       |       |       |     5 |     4 ||     9
         Summon Lightning  |       |       |       |       |    19 ||    19
         Petrify           |       |       |       |       |     1 ||     1
 Invoke: Channel Magic     |       |       |     1 |     1 |     1 ||     3
    Use: Scroll            |       |     5 |     1 |     7 |     3 ||    16
         Potion            |       |     3 |     1 |     1 |       ||     5
   Stab: Sleeping          |       |     1 |     1 |     3 |     3 ||     8
         Confused          |       |       |     8 |    27 |     6 ||    41
         Distracted        |       |       |     3 |     3 |     3 ||     9
 Armour: Robe              |     9 |    30 |     2 |       |       ||    41
         Leather armour    |       |       |    14 |       |       ||    14
         Ring mail         |       |       |    39 |   111 |    86 ||   236
  Dodge: Dodged            |    26 |    62 |    98 |   196 |   137 ||   519
  Block: Other             |       |    23 |    26 |    73 |    43 ||   165
         Reflection        |       |     1 |     1 |     2 |       ||     4
